 Dungeon Crawl Stone Soup version 0.14-a0-155-gd989017 (webtiles) character file.

156 4tharraofdagon the Sneak (level 4, -1/21 HPs)
             Began as a Spriggan Enchanter on Oct 4, 2013.
             Was an Initiate of Ashenzari.
             Slain by an orc
             ... wielding a +0,+1 orcish dagger of flaming
              (3 damage)
             ... on Level 6 of the Dungeon.
             The game lasted 00:03:28 (558 turns).

4tharraofdagon the Sneak (Spriggan Enchanter)        Turns: 558, Time: 00:03:29

HP  -1/21        AC  3     Str  5      XL: 4   Next: 43%
MP   5/11        EV 18     Int 16      God: Ashenzari [......]
Gold 58          SH  0     Dex 16      Spells:  3 memorised,  0 levels left

Res.Fire  : . . .   See Invis. : +   a - +1 dagger
Res.Cold  : . . .   Warding    : .   b - +1 robe
Life Prot.: . . .   Conserve   : .   (shield restricted)
Res.Poison: .       Res.Corr.  : .   (helmet restricted)
Res.Elec. : .       Clarity    : .   (no cloak)
Sust.Abil.: . .     Spirit.Shd : .   (gloves unavailable)
Res.Mut.  : .       Stasis     : .   (boots unavailable)
Res.Rott. : .       Flight     : .   (no amulet)
Saprovore : . . .                    (no ring)
                                     (no ring)

@: very slightly contaminated, very quick, slightly resistant to hostile
enchantments, quite stealthy
A: unfitting armour, see invisible, herbivore 3, speed 3, slow metabolism 2
a: Renounce Religion


You were on level 6 of the Dungeon.
You worshipped Ashenzari.
Ashenzari was noncommittal.
You were not hungry.

You visited 2 branches of the dungeon, and saw 7 of its levels.

You collected 38 gold pieces.

Inventory:

Hand weapons
 a - a +1,+1 dagger (weapon)
 m - a +0,+0 dagger
Missiles
 d - 12 darts (quivered)
Armour
 b - a +1 robe (worn)
Comestibles
 f - 2 bread rations
 k - an apple
Scrolls
 g - 3 scrolls of identify {unknown}
 i - a scroll of amnesia {unknown}
 j - 2 scrolls of teleportation {unknown}
 l - a scroll of enchant weapon I {unknown}
Potions
 e - a potion of porridge
 n - a potion of cure mutation {unknown}
Books
 c - a book of Maledictions

   Spells                             Type                      Level
   *Corona                            Hexes                        1
   Sure Blade                         Hexes/Charms                 2
   *Ensorcelled Hibernation           Hexes/Ice                    2
   *Confuse                           Hexes                        3
   Enslavement                        Hexes                        4
   Invisibility                       Hexes                        6
 h - a book of Battle

   Spells                             Type                      Level
   Infusion                           Charms                       1
   Shroud of Golubria                 Charms/Translocation         2
   Song of Slaying                    Charms                       2
   Spectral Weapon                    Hexes/Charms                 3
   Regeneration                       Charms/Necromancy            3
   Song of Shielding                  Charms                       4
 o - a book of Air

   Spells                             Type                      Level
   Shock                              Conjuration/Air              1
   Swiftness                          Charms/Air                   2
   Repel Missiles                     Charms/Air                   2
   Flight                             Charms/Air                   3
   Static Discharge                   Conjuration/Air              3
   Lightning Bolt                     Conjuration/Air              5


   Skills:
 * Level 3.4 Short Blades
 - Level 1.1 Throwing
 - Level 3.0 Dodging
 * Level 4.9 Stealth
 + Level 1.9 Spellcasting
 + Level 3.9 Hexes


You couldn't memorise any spells.
You knew the following spells:

 Your Spells              Type           Power        Failure   Level  Hunger
a - Corona                Hex            ##.....      6%          1    #......
b - Ensorcelled Hibernat  Hex/Ice        #.....       17%         2    ###....
c - Confuse               Hex            ##......     14%         3    ####...


Dungeon Overview and Level Annotations

Branches:
Dungeon (6/27)             Temple (1/1) D:5
    Orc: D:6-11

Altars:
Ashenzari
Cheibriados
Elyvilon
Fedhas
Makhleb
Okawaru
Sif Muna
Trog
Vehumet
Yredelemnul
Zin
the Shining One


Innate Abilities, Weirdness & Mutations

You are tiny and cannot use many weapons and most armour.
You have supernaturally acute eyesight.
You are a herbivore.
You cover ground extremely quickly.
You need consume almost no food.


Message History

Casting: Ensorcelled Hibernation
Confirm with . or Enter, or press ? or * to list all spells.
Aiming: Ensorcelled Hibernation
Press: ? - help, Shift-Dir - straight line, f/p - centaur
Aim: a centaur The centaur easily resists.
The centaur misses you.
The orc wizard mumbles some strange words.
The orc wizard flickers and vanishes for a moment.
The centaur hits you.
Unknown command.
The centaur wields a bow.
The centaur shoots an arrow of frost.
The arrow of frost hits you!
There is a stone staircase leading up here.
You see here an arrow of frost.
Unknown command.
The centaur shoots an arrow of frost.
The arrow of frost misses you.
The orc hits you with a glowing orcish dagger.
* * * LOW HITPOINT WARNING * * *
The orc burns you.
You die...

####
##...##
##.....###
#.ooo...c#
#...#o@.a#
. #(....#
###.....#
##..K...
#.....
##.. .


You could see a centaur, a worker ant, 2 orc wizards, 2 orcs and a kobold.

Vanquished Creatures
  A worker ant (D:5)
  6 adders
  A giant gecko (D:2)
  3 orcs (D:5)
  2 giant cockroaches
  2 hobgoblins
  3 kobolds
  A quokka (D:2)
  2 goblins
  A hobgoblin skeleton (D:5)
  A rat (D:2)
23 creatures vanquished.

Notes
Turn   | Place    | Note
--------------------------------------------------------------
     0 | D:1      | 4tharraofdagon, the Spriggan Enchanter, began the quest for the Orb.
     0 | D:1      | Reached XP level 1. HP: 9/9 MP: 4/4
     8 | D:2      | Reached XP level 2. HP: 13/13 MP: 6/6
    10 | D:2      | Reached skill level 4 in Stealth
    14 | D:2      | Learned a level 2 spell: Ensorcelled Hibernation
    22 | D:2      | Reached XP level 3. HP: 16/16 MP: 3/9
   312 | D:5      | Entered Level 5 of the Dungeon
   319 | D:5      | Found a staircase to the Ecumenical Temple.
   330 | Temple   | Entered the Ecumenical Temple
   369 | Temple   | Became a worshipper of Ashenzari the Shackled
   423 | D:5      | Reached XP level 4. HP: 14/21 MP: 8/11
   486 | D:5      | Learned a level 3 spell: Confuse
   552 | D:6      | Noticed a centaur
   558 | D:6      | Slain by an orc

Action                   |  1- 3 |  4- 6 || total
-------------------------+-------+-------++-------
Melee: Dagger            |    33 |    12 ||    45
 Cast: Ensorcelled Hiber |    12 |     5 ||    17
 Stab: Sleeping          |    15 |     4 ||    19
